 Dungeon Crawl Stone Soup version 0.28.0-45-g0d030f2227 (webtiles) character file.

Game seed: 5273383302240080527

77 Bruhh the Chopper (level 4, -2/28 HPs)
             Began as a Gargoyle Fighter on Apr 23, 2022.
             Slain by a gnoll
             ... wielding a +0 halberd
              (7 damage)
             ... on level 2 of the Dungeon.
             The game lasted 00:01:53 (1303 turns).

Bruhh the Chopper (Gargoyle Fighter)                Turns: 1303, Time: 00:01:53

Health: -2/28      AC: 10    Str: 22    XL:     4   Next: 33%
Magic:  4/4        EV:  9    Int:  8    God:
Gold:   22         SH:  4    Dex:  9    Spells: 3/3 levels left

rFire   . . .      SeeInvis .   a - +0 war axe
rCold   . . .      Faith    .   c - +0 buckler
rNeg    + . .      Spirit   .   b - +0 scale mail
rPois   ∞          Reflect  .   (no helmet)
rElec   +          Harm     .   (no cloak)
rCorr   .          Rampage  .   (no gloves)
Will    .....                   (no boots)
Stlth   ..........              (no amulet)
HPRegen 0.09/turn               (no ring)
MPRegen 0.09/turn               (no ring)

@: mighty
A: sickness immunity, AC +3, negative energy resistance 1, electricity
resistance, torment resistance 1, petrification resistance
a: no special abilities


You were on level 2 of the Dungeon.
You visited 1 branch of the dungeon, and saw 2 of its levels.

You collected 22 gold pieces.

Inventory:

Hand Weapons
 a - a +0 war axe (weapon)
Armour
 b - a +0 scale mail (worn)
 c - a +0 buckler (worn)
Scrolls
 h - a scroll of identify {unknown}
Potions
 f - a potion of brilliance {unknown}
 g - a potion of haste {unknown}
 i - a potion of cancellation {unknown}


   Skills:
 - Level 3.2 Fighting
 + Level 4.0 Axes
 - Level 3.2 Armour
 - Level 3.2 Shields


You had 3 spell levels left.
You didn't know any spells.
Your spell library contained the following spells:

 Spells                   Type           Power      Damage    Failure   Level
 Ignite Poison            Fire/Tmut/Pois 0%         N/A       99%         3
 Mephitic Cloud           Conj/Pois/Air  0%         N/A       99%         3
 Freezing Cloud           Conj/Ice/Air   0%         6-21      100%        5


Dungeon Overview and Level Annotations

Branches:
Dungeon (2/15)

Altars:


Innate Abilities, Weirdness & Mutations

You are immune to sickness and miasma.
Your stone body is resilient. (AC +3)
You are immune to poison.
You resist negative energy. (rN+)
You are resistant to electric shocks. (rElec)
You are resistant to unholy torment.
You are immune to petrification.


Message History

You slash the gnoll!
The gnoll is severely wounded.
You slash the endoplasm!
You kill the endoplasm!
The gnoll hits you with a +0 flail.
The gnoll hits the plant with a +0 halberd!
The gnoll hits you with a +0 flail!
You are too injured to fight recklessly!
The gnoll hits the plant with a +0 halberd.
The plant begins to die.
There is an open door here.
You slash the gnoll!
You kill the gnoll!
A nearby plant withers and dies.
The gnoll hits you but does no damage.
You have reached level 4!
You feel stronger.
A nearby plant withers and dies.
You block the gnoll's attack.
You slash the quokka!
You kill the quokka!
You slash the gnoll! The gnoll hits you but does no damage.
The gnoll hits you from afar with a +0 spear.
The gnoll hits you from afar with a +0 halberd.
* * * LOW HITPOINT WARNING * * *
The gnoll barely misses you.
The gnoll throws a throwing net.
The throwing net closely misses you. The gnoll completely misses you.
As you read the scroll labelled IBBIASM FOAQE, it crumbles to dust.
The scroll dissolves into smoke.
It was a scroll of fog.
The gnoll hits you with a +0 spear.
* * * LOW HITPOINT WARNING * * *
You slash the gnoll!
The gnoll is severely wounded.
You slash the gnoll!
You kill the gnoll!
The gnoll misses you. x2
Your Axes skill increases to level 4!
You barely miss the gnoll.
The gnoll is severely wounded.
The gnoll hits you from afar with a +0 halberd!
You die...

.....####.###########.######.####
#########.###### #.# #.#
.............## #.# #.####
############..# #.# #.....
##########.#####.######.####
#........§.§............# #
#.########§§####.###########
#.##.....§§§§§...##......†..
#.##.....§§@g§...##.########
#.##.....§§§§g.†.##.# #
#.##.......§§§...##'########
#.##.................(......
#.##........................
#.###########.##............ #.#
#.##............ #.#
#.##.†.)........ #.#######
#.##............


You could see 2 gnolls.

Vanquished Creatures
  2 gnolls (D:2)
  An adder (D:2)
  2 dart slugs (D:1)
  3 bats
  4 endoplasms
  A giant cockroach (D:1)
  A goblin (D:1)
  6 hobgoblins
  6 jackals
  A quokka (D:2)
  5 ball pythons (D:1)
  4 frilled lizards
  3 kobolds (D:1)
  2 rats
41 creatures vanquished.

Vanquished Creatures (others)
  3 plants (D:2)
3 creatures vanquished.

Grand Total: 44 creatures vanquished

Notes
Turn   | Place    | Note
-------+----------+-------------------------------------------
     0 | D:1      | Bruhh the Gargoyle Fighter began the quest for the Orb.
     0 | D:1      | Reached XP level 1. HP: 14/14 MP: 1/1
   147 | D:1      | Reached skill level 2 in Axes
   166 | D:1      | Reached XP level 2. HP: 18/19 MP: 2/2
   488 | D:1      | Reached skill level 3 in Axes
   502 | D:1      | Reached XP level 3. HP: 22/23 MP: 3/3
  1278 | D:2      | Reached XP level 4. HP: 14/28 MP: 4/4
  1303 | D:2      | Reached skill level 4 in Axes
  1303 | D:2      | Slain by a gnoll

Illustrated notes

Levels and vault maps discovered:
D:1:      heliophobic_arrival_ceremonial_halls, layout_loops_ring
D:2:      layout_basic, grunt_decor_resistance, grunt_ministairs_9,
          nicolae_grassy_gnolls

Skill      XL: |  1  2  3  4 |
---------------+-------------+-----
Axes           | 2 3 4 |  4.0
Fighting       | |  3.2
Armour         | |  3.2
Shields        | |  3.2

Action                   |  1- 3 |  4- 6 || total
-------------------------+-------+-------++-------
Melee: War axe           |   118 |     3 ||   121
  Use: Potion            |     1 |       ||     1
       Scroll            |       |     1 ||     1
Armor: Scale mail        |    74 |     1 ||    75
Dodge: Dodged            |    67 |     5 ||    72
Block: Buckler           |    26 |     1 ||    27
